Cogmind - Beta 9.2 @@@ ROGUE MODE // 2019.11.18 @ 19:53:35 Player: Vulpy Result: Destroyed by H-66 Slayer with Gauss Rifle Performance ------------- Evolutions (4) 2000 Regions Visited (5) 1000 Robots Destroyed (54) 270 Value Destroyed (1776) 1776 Prototype IDs (0) 0 Alien Tech Used (0) 0 Bonus (0) 0 TOTAL SCORE: 5046 Bonus ------- None Cogmind --------- Core Integrity 0/850 Matter 104/300 Energy 92/100 System Corruption 2% Temperature Cool (0) Movement Core (300) Ox5 Location -6/Factory Parts ------- > --- POWER (2) -------- (None) > --- PROPULSION (4) --- (None) > --- UTILITY (7) ------ (None) > --- WEAPON (2) ------- Heavy Flak Cannon Heavy Flak Cannon > --- INVENTORY (4) ---- Advanced Sensor Array Peak State ------------ > --- POWER ------------ Improved Deuterium Engine Improved Deuterium Engine > --- PROPULSION ------- Armored Huge Wheel Armored Huge Wheel > --- UTILITY ---------- Improved Heat Sink Medium Storage Unit Large Storage Unit Structural Scanner Terrain Scan Processor Target Analyzer Improved Light Armor Plating > --- WEAPON ----------- Flak Gun Coil Gun > --- INVENTORY -------- Light Angular Momentum Engine Improved Carbon-fiber Leg Armored Huge Wheel Armored Huge Wheel Cooled Airjet Assault Rifle Remote Datajack [Rating: 50] Favorites ----------- Power Improved Deuterium Engine Engine Improved Deuterium Engine Power Core Light Nuclear Core Propulsion Compact Wheel Treads Light Treads Leg Carbon-fiber Leg Wheel Compact Wheel Hover Unit Airjet Utility Medium Storage Unit Device Structural Scanner Storage Medium Storage Unit Processor Target Analyzer Protection Improved Light Armor Plating Weapon Assault Rifle Energy Gun Small Laser Energy Cannon Light EM Pulse Cannon Ballistic Gun Assault Rifle Ballistic Cannon Light Cannon Launcher Grenade Launcher Special Weapon Plasma Cutter Build | -11 -10 -9 -8 -7 -6 ------- Run | Scr Mat Mat Mat Fac Fac Slots Evolved 8 | . . 2 2 2 2 Power 1 | . . . . 1 . Propulsion 2 | . . 1 1 . . Utility 5 | . . 1 1 1 2 Weapon . | . . . . . . Parts Attached 109 | 3 3 37 8 33 25 Power 12 | . . 3 1 4 4 Engine 9 | . . 3 1 2 3 Core 3 | . . . . 2 1 Reactor . | . . . . . . Propulsion 42 | 2 1 18 2 12 7 Treads 2 | . . . . 2 . Leg 7 | . . 2 . 5 . Wheel 26 | 2 1 11 1 4 7 Hover 7 | . . 5 1 1 . Flight . | . . . . . . Utility 21 | 1 1 5 1 8 5 Device 7 | 1 . 1 . 2 3 Storage 4 | . 1 1 . 2 . Processor 5 | . . 2 . 2 1 Hackware . | . . . . . . Protection 5 | . . 1 1 2 1 Artifact . | . . . . . . Weapon 34 | . 1 11 4 9 9 Energy Gun 14 | . 1 5 2 3 3 Energy Cannon 2 | . . 1 . 1 . Ballistic Gun 10 | . . 2 . 4 4 Ballistic Cannon 3 | . . 1 . . 2 Launcher 3 | . . 1 2 . . Special Weapon 2 | . . 1 . 1 . Impact Weapon . | . . . . . . Slashing Weapon . | . . . . . . Piercing Weapon . | . . . . . . Special Melee Weapon . | . . . . . . Unidentified Prototypes . | . . . . . . Parts Lost 62 | . . 12 14 14 22 Power 11 | . . 2 2 2 5 Propulsion 16 | . . 4 5 3 4 Utility 9 | . . 1 1 2 5 Weapon 26 | . . 5 6 7 8 Highest Loss Streak 19 | . . 5 14 6 19 Average Slot Usage (%) 74 | . 100 93 80 65 53 Engine 8 | . 14 10 8 5 5 Core 1 | . . . . 2 1 Treads 1 | . . . . 2 . Leg 4 | . . 2 . 10 . Wheel 13 | . 28 26 . 4 9 Hover 2 | . . 1 28 . . Device 7 | . 14 10 6 3 7 Storage 10 | . 14 11 9 11 8 Processor 4 | . . 3 9 4 7 Protection 4 | . . 6 2 5 2 Energy Gun 3 | . 14 3 7 . 3 Energy Cannon 1 | . . 4 . . . Ballistic Gun 6 | . 14 3 . 9 3 Launcher 1 | . . 4 8 . . Naked Turns 288 | . . . 6 153 129 Heaviest Build 56 | 10 14 29 30 52 56 Greatest Support 56 | 26 26 48 36 48 56 Greatest Overweight (x) 9 | . . 3 9 4 2 Average Overweight (x) . | . . . . . . Largest Inventory Capacity 14 | 6 8 10 10 14 14 Average Capacity 9 | 6 6 8 9 11 10 Most Carried 14 | 6 8 10 10 14 14 Average Carried 7 | 5 5 7 8 7 8 Final Capacity 14 | 6 8 10 4 14 4 Final Carried 14 | 6 8 10 4 14 1 Class Distribution -------------------- 63% | Mutant 36% | Scavenger-Mutant Dominant Class ---------------- Mutant | -10/Materials Mutant | -9/Materials Mutant | -8/Materials Scavenger-Mutant | -7/Factory Mutant | -6/Factory Resources | -11 -10 -9 -8 -7 -6 ----------- Run | Scr Mat Mat Mat Fac Fac Matter Collected 1766 | 234 18 390 136 728 260 Remotely . | . . . . . . Salvage Created 1985 | 100 173 410 83 762 457 Parts 112 | 3 11 35 2 42 19 Haulers Intercepted . | . . . . . . Recyclers Shooed 3 | . 2 . . 1 . Parts Field Recycled . | . . . . . . Retrieved Matter . | . . . . . . Parts Self-Destructed . | . . . . . . Prevented . | . . . . . . Kills | -11 -10 -9 -8 -7 -6 ------- Run | Scr Mat Mat Mat Fac Fac Combat Hostiles Destroyed 41 | . 4 15 3 12 7 Guns 23 | . 4 2 1 11 5 Cannons 3 | . . 2 . . 1 AOE 14 | . . 11 2 1 . Classes Destroyed 10 | 2 1 5 . 2 . Worker 1 | . . 1 . . . Builder 8 | . . 3 . 4 1 Tunneler 1 | 1 . . . . . Recycler 2 | 1 . . . 1 . Watcher 1 | . . 1 . . . Swarmer 8 | . . 8 . . . Grunt 20 | . 4 5 2 6 3 Sentry 7 | . . 2 1 2 2 Hunter 5 | . . . . 3 2 Programmer 1 | . . . . 1 . Best Kill Streak 10 | 2 2 10 2 4 4 Combat Bots Only 9 | . 2 9 2 3 3 Max Kills in Single Turn 4 | 1 1 4 1 1 1 Gunslinging . | . . . . . . Exploded 4 | . . 4 1 1 . Melee . | . . . . . . Uniques/NPCs Destroyed . | . . . . . . Combat | -11 -10 -9 -8 -7 -6 -------- Run | Scr Mat Mat Mat Fac Fac Damage Taken 7631 | . 158 814 1191 2225 3243 Core 2096 | . 20 196 432 590 858 Absorbed by Shields . | . . . . . . Core Remaining (%) 55 | 100 92 51 21 15 . Volleys Fired 196 | 4 20 43 14 69 46 Largest 2 | 2 2 2 2 2 2 Hottest 143 | 60 60 60 93 105 143 Shots Fired 323 | 8 40 54 15 121 85 Gun 258 | 8 40 27 5 111 67 Cannon 38 | . . 13 . 7 18 Launcher 24 | . . 14 10 . . Special 3 | . . . . 3 . Kinetic 205 | 4 20 21 . 96 64 Thermal 73 | 4 20 11 5 20 13 Explosive 24 | . . 14 10 . . Electromagnetic 21 | . . 8 . 5 8 Robot Hit Streak 22 | 4 7 14 7 15 22 Robot Miss Streak 8 | 1 2 2 2 4 8 Penetration Max 2 | . . . . . 2 Secondary Targets 1 | . . . . 1 . Max Gunslinging Chain 1 | . . . . 1 . Shots Hit Robots 241 | 7 26 42 11 82 73 Core Hits 122 | 3 9 29 11 39 31 Critical Hits 2 | . . . . . 2 Critical Kills . | . . . . . . Critical Parts Destroyed 2 | . . . . . 2 Melee Attacks . | . . . . . . Impact . | . . . . . . Slashing . | . . . . . . Piercing . | . . . . . . Sneak Attacks . | . . . . . . Combat Hostiles . | . . . . . . Follow-up Attacks . | . . . . . . Damage Inflicted 4151 | 66 234 1202 268 1193 1188 Guns 2656 | 66 234 208 36 1030 1082 Cannons 415 | . . 233 . 76 106 Explosions 1067 | . . 759 232 76 . Melee . | . . . . . . Ramming 2 | . . 2 . . . Kinetic 1940 | 23 79 173 . 843 822 Thermal 817 | 43 155 132 36 202 249 Explosive 968 | . . 736 232 . . Electromagnetic 424 | . . 159 . 148 117 Impact . | . . . . . . Slashing . | . . . . . . Piercing . | . . . . . . Highest Corruption 3 | . . . . 3 2 Average Corruption 1 | . . . . 1 1 Corruption Purged . | . . . . . . Effects 5 | . . . . 2 3 Message Errors 1 | . . . . . 1 Matter Fused 1 | . . . . 1 . Targeting Errors 3 | . . . . 1 2 Overload Shots . | . . . . . . Overflow Damage 50 | . . 50 . . . Projectiles . | . . . . . . Explosions 50 | . . 50 . . . Melee . | . . . . . . Knockbacks 4 | . . 2 . . 2 Impact . | . . . . . . Kinetic 2 | . . 1 . . 1 Secondary 2 | . . 1 . . 1 Self-Inflicted Damage 106 | . . 50 22 34 . Shots 6 | . . 2 2 2 . Rammed 1 | . . 1 . . . Targets Rammed 1 | . . 1 . . . Kicked . | . . . . . . Crushed . | . . . . . . Highest Temperature 180 | 20 108 49 125 180 132 Average Temperature 46 | 15 43 19 45 53 65 Received Heat Transfer 1854 | . 90 234 585 588 357 Siege Activations . | . . . . . . Robots Corrupted . | . . . . . . Combat Hostiles . | . . . . . . Parts Fried 4 | . . 4 . . . Impact Corruptions . | . . . . . . Robots Melted 1 | . . . . . 1 Combat Hostiles 1 | . . . . . 1 Parts Melted 3 | . . 2 . . 1 Heat Transferred 1790 | 100 350 300 74 446 520 Parts Sabotaged . | . . . . . . Parts Stolen . | . . . . . . Parts Stripped . | . . . . . . Power Chain Reactions 1 | . . 1 . . . Missiles Intercepted . | . . . . . . Alert | -11 -10 -9 -8 -7 -6 ------- Run | Scr Mat Mat Mat Fac Fac Peak Influence 281 | 10 130 281 153 246 137 Average Influence 98 | 7 71 129 88 98 73 Maximum Alert Level 1 | . . 1 . 1 . Low Security (%) 86 | 100 100 67 100 88 100 Level 1 13 | . . 32 . 11 . Level 2 . | . . . . . . Level 3 . | . . . . . . Level 4 . | . . . . . . Level 5 . | . . . . . . High Security . | . . . . . . Max Security . | . . . . . . Squads Dispatched 14 | . 2 4 2 4 2 Investigation 6 | . 1 1 . 2 2 Extermination 1 | . . . . 1 . Reinforcement 7 | . 1 3 2 1 . Assault . | . . . . . . Garrison . | . . . . . . Intercept . | . . . . . . Construction Impeded 3 | . . 2 . 1 . Haulers Reinforced . | . . . . . . Stealth | -11 -10 -9 -8 -7 -6 --------- Run | Scr Mat Mat Mat Fac Fac Distress Signals 8 | . 1 4 2 1 . Communications Jammed . | . . . . . . Distress Signals . | . . . . . . Times Spotted 79 | . 8 24 13 20 14 Peak Tracking Total 8 | . 3 6 8 4 5 Tactical Retreats 8 | . . 4 . 1 3 Traps | -11 -10 -9 -8 -7 -6 ------- Run | Scr Mat Mat Mat Fac Fac Traps Triggered 7 | . . 4 . 1 2 Indirectly . | . . . . . . Trap Hack Attempts . | . . . . . . Triggered . | . . . . . . Disarmed . | . . . . . . Reprogrammed . | . . . . . . Reused . | . . . . . . Traps Extracted . | . . . . . . Installed . | . . . . . . Triggered . | . . . . . . Machines | -11 -10 -9 -8 -7 -6 ---------- Run | Scr Mat Mat Mat Fac Fac Machines Disabled 8 | . . 3 . 5 . Max in Single Turn 5 | . . 1 . 5 . Machines Sabotaged . | . . . . . . Garrisons Compromised . | . . . . . . Overloaded Fab Kills . | . . . . . . Fab Network Shutdowns . | . . . . . . Hacking | -11 -10 -9 -8 -7 -6 --------- Run | Scr Mat Mat Mat Fac Fac Machines Accessed 12 | . 2 5 . 2 3 Terminals 9 | . 2 3 . 2 2 Fabricators 1 | . . . . . 1 Repair Stations 1 | . . 1 . . . Recycling Units . | . . . . . . Scanalyzers 1 | . . 1 . . . Garrison Access . | . . . . . . Total Hacks 43 | . 6 21 . 7 9 Successful 25 | . 2 15 . 3 5 Failed 18 | . 4 6 . 4 4 Catastrophic 5 | . 1 1 . 1 2 Database Lockouts . | . . . . . . Manual 20 | . 3 13 . . 4 Terminals 34 | . 6 15 . 7 6 Fabricators 3 | . . . . . 3 Repair Stations 3 | . . 3 . . . Recycling Units . | . . . . . . Scanalyzers 3 | . . 3 . . . Garrison Access . | . . . . . . Terminal Hacks 13 | . 2 8 . 3 . Record 4 | . . 4 . . . Robot Schematic 1 | . . . . 1 . Branch Access Points 1 | . . 1 . . . Emergency Access Points 1 | . . . . 1 . Alert Level 1 | . . 1 . . . Unreport Threat 1 | . 1 . . . . Maintenance Status 1 | . . 1 . . . Recall Investigation 2 | . . 1 . 1 . Zone Layout 1 | . 1 . . . . Fabricator Hacks 3 | . . . . . 3 Network Status 1 | . . . . . 1 Load Schematic 1 | . . . . . 1 Build 1 | . . . . . 1 Repair Station Hacks 3 | . . 3 . . . Scan Component 2 | . . 2 . . . Repair 1 | . . 1 . . . Recycling Unit Hacks . | . . . . . . Scanalyzer 3 | . . 3 . . . Insert Component 1 | . . 1 . . . Analyze 2 | . . 2 . . . Garrison Access Hacks . | . . . . . . Unauthorized Hacks 6 | . . 2 . . 4 Terminals 3 | . . 1 . . 2 Botnet 3 | . . 1 . . 2 Fabricators . | . . . . . . Repair Stations . | . . . . . . Recycling Units . | . . . . . . Scanalyzers . | . . . . . . Garrison Access . | . . . . . . Data Cores Recovered . | . . . . . . Used . | . . . . . . Hacking Detections 11 | . 2 5 . 2 2 Full Trace Events 10 | . 2 4 . 2 2 Feedback Events 1 | . . . . . 1 Corruption 1 | . . . . . 1 Feedback Blocked . | . . . . . . Robot Schematics Acquired 1 | . . . . 1 . Robots Built . | . . . . . . Matter . | . . . . . . Time . | . . . . . . Total Robot Build Rating . | . . . . . . Part Schematics Acquired 1 | . . 1 . . . Parts Built 2 | . . . . . 2 Matter 102 | . . . . . 102 Time 51 | . . . . . 51 Total Part Build Rating 2 | . . . . . 2 Parts Repaired 1 | . . 1 . . . Time 26 | . . 26 . . . Parts Recycled . | . . . . . . Recycled Matter . | . . . . . . Retrieved Matter . | . . . . . . Retrieved Components . | . . . . . . Parts Scanalyzed 1 | . . 1 . . . Part Schematics Acquired 1 | . . 1 . . . Parts Damaged . | . . . . . . Bothacking | -11 -10 -9 -8 -7 -6 ------------ Run | Scr Mat Mat Mat Fac Fac Used RIF Installer . | . . . . . . Robots Hacked . | . . . . . . Non-combat . | . . . . . . Combat . | . . . . . . Robot Hacks Applied . | . . . . . . Relay Couplers Released . | . . . . . . Robots Rewired . | . . . . . . Allies Hacked . | . . . . . . Hacks Repelled . | . . . . . . Allies | -11 -10 -9 -8 -7 -6 -------- Run | Scr Mat Mat Mat Fac Fac Total Allies . | . . . . . . Largest Group . | . . . . . . Highest-Rated Group . | . . . . . . Highest-Rated Ally . | . . . . . . Total Orders . | . . . . . . Ally Attacks . | . . . . . . Total Damage . | . . . . . . Kills . | . . . . . . Allies Corrupted . | . . . . . . Allies Melted . | . . . . . . Intel | -11 -10 -9 -8 -7 -6 ------- Run | Scr Mat Mat Mat Fac Fac Robot Analysis Total . | . . . . . . Derelict Logs Recovered . | . . . . . . Drone Launches . | . . . . . . Drone Recoveries . | . . . . . . Exploration | -11 -10 -9 -8 -7 -6 ------------- Run | Scr Mat Mat Mat Fac Fac Turns Passed 2709 | 36 214 805 122 965 567 Spaces Moved 1892 | 21 144 478 89 723 437 Core 565 | . . . 13 315 237 Treads 13 | . . . . 13 . Legs 307 | . . 55 . 252 . Wheels 909 | 21 144 399 2 143 200 Hover 98 | . . 24 74 . . Flight . | . . . . . . Fastest Speed 48 | 90 90 52 48 50 50 Average Speed 88 | 90 90 103 56 92 72 Slowest Speed 500 | 90 90 240 500 250 150 Overloaded Moves . | . . . . . . Propulsion Burnouts . | . . . . . . Robots Hopped . | . . . . . . Cave-ins Triggered . | . . . . . . Exploration Rate (%) 16 | 3 21 26 16 16 14 Regions Visited 5 Branch Regions . Pre-discovered Areas . | . . . . . . Known Exits Taken 1 | . . 1 . . . Unknown Exits Taken 4 | 1 1 . 1 1 . Scrap Searched . | . . . . . . Spaces Dug . | . . . . . . Terrain Destroyed 117 | . . 80 35 . 2 Melee . | . . . . . . Projectile 2 | . . . . . 2 AOE 115 | . . 80 35 . . Actions | -11 -10 -9 -8 -7 -6 --------- Run | Scr Mat Mat Mat Fac Fac Total 2612 | 29 197 739 146 892 609 Wait 273 | . 16 131 31 27 68 Move 1887 | 20 143 477 88 722 437 Hop . | . . . . . . Pick Up 72 | 1 7 24 2 32 6 Fast Attach 43 | 1 . 21 1 13 7 Attach 54 | . . 13 7 17 17 Detach 13 | . . 3 1 . 9 Swap 12 | 2 3 3 . 3 1 Drop 53 | 1 8 23 2 9 10 Fire 196 | 4 20 43 14 69 46 Melee . | . . . . . . Ram 1 | . . 1 . . . Kick . | . . . . . . Crush . | . . . . . . Escape Stasis 8 | . . . . . 8 Rewire . | . . . . . . Trap . | . . . . . . Miscellaneous . | . . . . . . Route ------- -11/Scrapyard -10/Materials -9/Materials (discovered 3 exits: *Mat / Min x2) -8/Materials -7/Factory -6/Factory History --------- Turn | Location | Event 16 | -11/Scrapyard | Discovered new exit (range 3) 37 | -11/Scrapyard | Entered Materials 242 | -10/Materials | Discovered new exit (range 3) 251 | -10/Materials | Entered another Materials area 251 | -9/Materials | Evolved 2 slots: Propulsion x1, Utility x1 303 | -9/Materials | Repaired Wheel 347 | -9/Materials | Build established: Mutant 405 | -9/Materials | Identified exit to Mines 546 | -9/Materials | Lost 5 parts (1n1u3w) 808 | -9/Materials | Destroyed 9 combat bots 901 | -9/Materials | Lost 4 parts (1p2n1w) 1005 | -9/Materials | Discovered new exit (range 15) 1055 | -9/Materials | Identified exit to Materials 1056 | -9/Materials | Entered another Materials area 1056 | -8/Materials | Evolved 2 slots: Propulsion x1, Utility x1 1166 | -8/Materials | Core integrity fell below 50% 1176 | -8/Materials | Discovered new exit (range 5) 1178 | -8/Materials | Entered Factory 1178 | -7/Factory | Evolved 2 slots: Power x1, Utility x1 1203 | -7/Factory | Lost 14 parts (2p5n1u6w) 1342 | -7/Factory | Core integrity fell below 50% 1644 | -7/Factory | Lost 6 parts (1p2n2u1w) 1909 | -7/Factory | Core integrity fell below 20% 1945 | -7/Factory | Lost 5 parts (1p1n3w) 1956 | -7/Factory | Build established: Scavenger-Mutant 2095 | -7/Factory | Discovered new exit (range 10) 2143 | -7/Factory | Entered another Factory area 2143 | -6/Factory | Evolved 2 slots: Utility x2 2531 | -6/Factory | Lost 19 parts (4p2n5u8w) 2575 | -6/Factory | Core integrity fell below 50% 2605 | -6/Factory | Fabricated Lgt. Ion Engine? 2623 | -6/Factory | Core integrity fell below 20% 2710 | -6/Factory | Destroyed by H-66 Slayer with Gauss Rifle Last Messages --------------- 02622_ A bubble of electromagnetic force engulfs the area. 02638_ Slug penetrates Wall. 02651_ Acquired Hvy. Flak Cannon. 02659_ Acquired Adv. Sensor Array. 02669_ Slug penetrates Wall. 02678_ Arm. Huge Wheel destroyed. 02682_ Slug penetrates Wall. 02684_ Drone sends a signal. 02685_ H-66 Slayer retrieves Drone. 02685_ Slug penetrates Wall. 02687_ Penetrated by Slug. 02688_ Slug penetrates Wall. 02693_ Penetrated by Slug. 02698_ Slug penetrates Wall. 02701_ H-66 Slayer knocked back. 02701_ H-66 Slayer destroyed. 02704_ Penetrated by Slug. 02704_ Arm. Huge Wheel destroyed. 02705_ Slug penetrates Wall. 02710_ Penetrated by Slug. Map ----- +----------------------------------------------------+ | ?????????????????????????????????????????????????? | | ?????????????????????????????????????????????????? | | ?????????????????????????????????????????????????? | | ?????????????????????????????????????????????????? | | ?????????????????????????????????????????????????? | | ?????????????????????????????????????????????????? | | ?????????????????????????????????????????????????? | | ?????????????????????????????????????????????????? | | #####????????????????????????????????????????????? | | #????????????????????????????????????????????? | | "" #????????????????????????????????????????????? | | "" #????????????????????????????????????????????? | | "" #????????????????????????????????????????????? | | "#????????????????????????????????????????????? | | "" "#????????????????????????????????????????????? | | "" "#????????????????????????????????????????????? | | "" T#????????????????????????????????????????????? | | "#????????????????????????????????????????????? | | "#????????????????????????????????????????????? | | "#????????????????????????????????????????????? | | #????????????????????????????????????????????? | | ##+##????????????????????????????????????????????? | | ## #???##############????????????????????????????? | | #???# #????????????????????????????? | | ##### #######??????????????????????? | | # """" """" ## @#??????????????????????? | | # """" """" ## []!#??????????????????????? | | # """" """" ## [ #??????????????????????? | | # """" """" ## !!#??????????????????????? | | " ## #??????????????????????? | | # """" """" ## #??????????????????????? | | # """" """" ## #??????????????????????? | | # """" """" ## #??????????????????????? | | # """" """" ## [ #??????????????????????? | | # ####%##??????????????????????? | | #+##############hh #??????????????????????? | | +??????????????????????? | | ##+###### #??????????????????????? | | # ????# !!! #??????????????????????? | | # ""????+ !!/ #??????????????????????? | | # """???###! !! #??????????????????????? | | # """?????# #??????????????????????? | | # ????# #??????????????????????? | | ??+#########????# #??????????????????????? | | ????????????????# """ #??????????????????????? | | ????????????????# """ #??????????????????????? | | ????????????????# """ #??????????????????????? | | ????????????????# ? ??????????????????????? | | ????????????????# "?" ##?????????????????????? | | ????????????????# "?" #??????????????????????? | +----------------------------------------------------+ Best States ------------- Heat Dissipation 51 Energy Generation 29 Energy Capacity 480 Matter Stores 300 Matter Capacity 300 Sight Range 16 Robot Scan Range 16 Terrain Scan Range 16 Terrain Scan Density 85 Armor Coverage 150 Power Shielding 33 Utility Shielding 66 Melee Speed Boost 20 Evasion (%) 55 Targeting Accuracy 5 Target Analysis 5 Recoil Reduction 1 Item Schematics ----------------- Lgt. Ion Engine | -9/Materials | Scanalyzed Robot Schematics ------------------ O-24 Administrator | -7/Factory | Hacked Fabricated ------------ Lgt. Ion Engine | x2 | -6/Factory Alien Tech Used ----------------- None Achievements -------------- It's Just You Just What I Needed Challenges ------------ None Game ------ Seed SpectralAluminumSink Manual? 0 Play Time 01:26:50 Cumulative 32.0 hours Start 2019.11.17 @ 11:52:22 End 2019.11.18 @ 19:53:35 Sessions 5 Manual Loads 0 Difficulty Rogue Special Mode None Game No. 32 Rogue 30 Adventurer 2 Explorer 0 Win Type - Total 0 Types 0/0/0/0/0/0/0 Lore% 13 Gallery% 29 Achievement% 21 Wizard Run 0 Options --------- ASCII 0 Keyboard 1 Movement Numpad Keybinds 0 Fullscreen 2 Font 20/Terminus Map View 66x50 Tactical HUD 1 Map Filters NONE Filters NONE Steam 1 RUN: e318b240-691b-44aa-bcf6-2401a2ca0252